Match 37972869
Unlisted

Match 37972869
End
Construct Infanterie Kompanie
Selects Mechanized Battlegroup
Grenadier Squad
Grenadier Squad
Grenadier Squad
GrW 34 Mortar Team
Construct Panzergrenadier Kompanie
251 Medium Carrier
Medical Bunker
Pak 40 Anti-tank Gun Team
Selects Raid Package
Selects StuG Assault Group
StuG Assault Group
Selects Spotting Scopes
Selects Wespe Self-propelled Artillery
Wespe Self-propelled Artillery
DaPopeCOH
breadstix
Görmann Hering [Ger]
STALKER4732
kit.ohume
Devochkin
0
0

Comments sign in to comment!

No comments posted yet!